 Dungeon Crawl Stone Soup version 0.31-a0-210-gccc998df9b (webtiles) character file.

Game seed: 7336210413304706153

179 qw the Shooter (level 5, -1/31 HPs)
             Began as a Gargoyle Hexslinger on June 29, 2023.
             Slain by a goblin
             ... wielding a +0 club
              (2 damage)
             ... on level 4 of the Dungeon.
             The game lasted 00:00:46 (2073 turns).

qw the Shooter (Gargoyle Hexslinger)                Turns: 2073, Time: 00:00:47

Health: -1/31      AC:  9    Str:  9 (11) XL:     5   Next: 59%
Magic:  6/6        EV: 10    Int: 12 (14) God:
Gold:   78         SH:  0    Dex: 14      Spells: 5/6 levels left

rFire   . . .        Y - +1 sling
rCold   . . .        (no shield)
rNeg    + . .        b - +0 ring mail
rPois   inf          (no helmet)
rElec   +            (no cloak)
rCorr   .            (no gloves)
SInv    .            (no boots)
Will    .....        g - amulet of faith
Stlth   +            (no ring)
HPRegen 0.25/turn    (no ring)
MPRegen 0.10/turn

%: faith
@: no status effects
A: sickness immunity, AC +4, negative energy resistance 1, electricity
resistance, torment resistance 1, petrification resistance
a: no special abilities


You were on level 4 of the Dungeon.
You visited 1 branch of the dungeon, and saw 4 of its levels.

You collected 78 gold pieces.


Innate Abilities, Weirdness & Mutations

You are immune to sickness and miasma.
Your stone body is resilient. (AC +4)
You are immune to poison.
You resist negative energy. (rN+)
You are resistant to electric shocks. (rElec)
You are resistant to unholy torment.
You are immune to petrification.


   Skills:
 - Level 2.5 Fighting
 + Level 4.8 Ranged Weapons
 - Level 1.4 Armour
 - Level 1.5 Dodging
 - Level 1.0 Spellcasting
 - Level 2.6 Hexes


You had 5 spell levels left.
You knew the following spells:

 Your Spells              Type           Power      Damage    Failure   Level
a - Slow                  Hex            28%        N/A       28%         1

Your spell library contained the following spells:

 Spells                   Type           Power      Damage    Failure   Level
 Inner Flame              Hex/Fire       3%         N/A       82%         3
 Portal Projectile        Hex/Tloc       6%         N/A       82%         3
 Cause Fear               Hex            3%         N/A       95%         4

Inventory:

Hand Weapons
 Y - a +1 sling (weapon)
Armour
 b - a +0 ring mail (worn)
Jewellery
 e - a ring of ice
 g - an amulet of faith (around neck)
Scrolls
 a - a scroll of identify {unknown}
Potions
 d - a potion of might

Dungeon Overview and Level Annotations

Branches:
Dungeon (4/15)
 Temple: D:4-7

Altars:
Hepliaklqana
Vehumet

Shops:
D:2 (

Annotations:
D:3 2 transporters, qw's ghost, weakling DEHu


Message History

The sling bullet barely misses the goblin.
The goblin shoots a sling bullet.
The sling bullet hits you but does no damage.
You shoot a sling bullet. The sling bullet hits the iguana.
The iguana is moderately wounded.
The iguana bites you.
The goblin shoots a sling bullet.
The sling bullet closely misses you. The iguana barely misses you.
You shoot a sling bullet. The sling bullet hits the iguana.
The iguana is heavily wounded.
The goblin shoots a sling bullet.
The sling bullet hits you. The iguana bites you.
You shoot a sling bullet.
The sling bullet barely misses the iguana.
The iguana bites you.
The goblin unwields a +0 sling.
The goblin wields a +0 club.
The goblin hits you but does no damage.
You shoot a sling bullet. The sling bullet hits the iguana.
The iguana is severely wounded.
The iguana barely misses you. The goblin hits you but does no damage.
The iguana closely misses you.
You shoot a sling bullet. The sling bullet hits the iguana.
The iguana is almost dead.
The goblin hits you but does no damage. The iguana barely misses you.
You shoot a sling bullet. The sling bullet hits the iguana.
The iguana is almost dead.
The goblin barely misses you. The iguana bites you.
The goblin barely misses you.
You shoot a sling bullet.
The sling bullet hits the iguana but does no damage.
The iguana is almost dead.
The iguana closely misses you. The goblin hits you but does no damage.
The iguana misses you.
A ball python comes into view.
You shoot a sling bullet.
The sling bullet closely misses the iguana.
The goblin hits you but does no damage. The iguana bites you!
The goblin hits you with a +0 club.
You shoot a sling bullet. The sling bullet hits the iguana.
You kill the iguana!
The goblin hits you with a +0 club.
You die...

#..# #)# #..# #.# # #..## #.#
#. #..####.# #.. ##......#
#..# ##..###..# #..# ##..##
##.# #.S###..#.# #.#
#g@#..#.## #)# ##########
#.#...#.#.# ##.#
.........#################..#
.#+#...........# #.......##
.#(#.#.........# #.#######
.#.#.#.........#####.##
.#.#...#.#####........#
##.##..#.#####........#
#...#..#.#............#


You could see a goblin and a ball python.

Vanquished Creatures
  A sleepcap (D:3)
  An iguana (D:4)
  An orc wizard (D:3)
  Natasha (thrice) (D:2)
  A dart slug (D:1)
  6 orcs (D:3)
  4 endoplasms
  3 giant cockroaches
  4 goblins
  A hobgoblin (D:1)
  4 quokkas
  8 ball pythons
  4 bats
  3 frilled lizards
  2 kobolds (D:3)
  A rat (D:3)
47 creatures vanquished.

Notes
Turn   | Place    | Note
-------+----------+-------------------------------------------
     0 | D:1      | qw the Gargoyle Hexslinger began the quest for the Orb.
     0 | D:1      | Reached XP level 1. HP: 12/12 MP: 2/2
     0 | D:1      | 0 ||| qw: Version: 0.3-a-24-ga2abf7b
     0 | D:1      | 0 ||| qw: Game counter: 6831
     0 | D:1      | 0 ||| qw: Melee chars always use a shield: true
     0 | D:1      | 0 ||| qw: God list: Okawaru
     0 | D:1      | 0 ||| qw: Allow faded altars: false
     0 | D:1      | 0 ||| qw: Do Orc after clearing Dungeon:15 true
     0 | D:1      | 0 ||| qw: Do second Lair branch before Depths: true
     0 | D:1      | 0 ||| qw: Lair rune preference: random
     0 | D:1      | 0 ||| qw: Goals: Normal
     0 | D:1      | 0 ||| PLANNING D:1-11
   221 | D:1      | Reached XP level 2. HP: 16/16 MP: 3/3
   521 | D:1      | 521 ||| READING scroll labelled PODWEJ HUIGU.
   522 | D:1      | 522 ||| DRINKING 2 puce potions.
   523 | D:1      | 523 ||| DROPPING scroll of poison.
   524 | D:1      | 524 ||| DROPPING potion of brilliance.
   541 | D:2      | 541 ||| STAIRDANCE
   568 | D:2      | Reached skill level 3 in Ranged Weapons
   578 | D:2      | Noticed Natasha
   581 | D:2      | Killed Natasha
   582 | D:2      | Reached XP level 3. HP: 22/22 MP: 4/4
   645 | D:2      | Noticed Natasha
   649 | D:2      | Killed Natasha
   650 | D:2      | Reached XP level 4. HP: 27/27 MP: 5/5
   658 | D:2      | Noticed Natasha
   666 | D:2      | Killed Natasha
   667 | D:2      | Reached skill level 4 in Ranged Weapons
  1034 | D:2      | Found Vacautuw's Antique Weapon Boutique.
  1052 | D:2      | 1052 ||| READING scroll labelled FOEPNOA TIYSOX.
  1053 | D:2      | 1053 ||| DRINKING 2 sedimented grey potions.
  1054 | D:2      | 1054 ||| DRINKING 3 smoky purple potions.
  1055 | D:2      | 1055 ||| DROPPING 2 potions of degeneration.
  1120 | D:3      | Found a hazy altar of Hepliaklqana.
  1209 | D:3      | Reached XP level 5. HP: 13/31 MP: 6/6
  1674 | D:3      | Found a transporter.
  1677 | D:3      | Noticed qw's ghost (weakling DEHu)
  1682 | D:3      | Found a transporter.
  1825 | D:3      | 1825 ||| UPGRADING to +0 ring mail.
  1835 | D:3      | 1835 ||| DROPPING +0 robe.
  1836 | D:3      | 1836 ||| UPGRADING to amulet of faith.
  1841 | D:3      | 1841 ||| READING scroll labelled VUDIFO ACOFUG.
  1842 | D:3      | 1842 ||| READING scroll labelled MAEBOPL MURGHE.
  1846 | D:3      | 1846 ||| DRINKING 2 emerald potions.
  1847 | D:3      | 1847 ||| DROPPING potion of magic.
  1863 | D:4      | 1863 ||| STAIRDANCE
  1873 | D:3      | Reached skill level 1 in Armour
  1961 | D:4      | Identified the +1 chain mail "Hohum" {Harm *Slow +Inv
                  | rElec}
  1970 | D:4      | Found a radiant altar of Vehumet.
  2072 | D:4      | HP: 3/31 [iguana (8)]
  2072 | D:4      | HP: 1/31 [goblin/+0 club (2)]
  2073 | D:4      | Slain by a goblin

Levels and vault maps discovered:
D:1:      minmay_arrival_loop, layout_basic
D:2:      layout_rooms, serial_shops, shop, uniq_natasha
D:3:      layout_loops_ring, worldfamousw_hep_ancestral_shrine,
          gammafunk_ghost_mausoleum
D:4:      minmay_diamond_boxcup, layout_basic,
          mainiacjoe_overflow_surrounded_room,
          nicolae_uskayaw_murder_on_the_dancefloor, serial_bayou_crossing

Skill      XL: |  1  2  3  4  5 |
---------------+----------------+-----
Ranged Weapons | 3 4 |  4.8
Fighting       | 2 |  2.5
Armour         | 1 |  1.4
Dodging        | |  1.5
Spellcasting   | |  1.0
Hexes          | |  2.6

Action                     |  1- 3 |  4- 6 || total
---------------------------+-------+-------++-------
   Fire: Sling             |    39 |   131 ||   170
    Use: Potion            |     1 |     3 ||     4
         Scroll            |     1 |     3 ||     4
 Armour: Robe              |     1 |    21 ||    22
         Ring mail         |       |    13 ||    13
  Dodge: Dodged            |    10 |    54 ||    64

Table legend:
 A = Non-vault XP
 B = Vault XP
 C = Vault XP percentage of total XP
 D = Non-vault monster count
 E = Vault monster count
 F = Vault count percentage of total count
                 A         B        C        D         E       F
            +---------+---------+-------+---------+---------+-------
      Total |     258 |      36 |  12.2 |      45 |       2 |   4.3
            +---------+---------+-------+---------+---------+-------
        D:1 |      18 |       0 |   0.0 |       9 |       0 |   0.0
        D:2 |      90 |      35 |  28.0 |      14 |       1 |   6.7
        D:3 |     111 |       0 |   0.0 |      20 |       0 |   0.0
        D:4 |      39 |       1 |   2.5 |       2 |       1 |  33.3
            +---------+---------+-------+---------+---------+-------
